 Dungeon Crawl Stone Soup version 0.28.0-1-gb440e238dd (webtiles) character file.

Game seed: 11388137984374210939

262 Ablot the Grasshopper (level 6, -18/50 HPs)
             Began as a Gnoll Warper on Feb 25, 2022.
             Demolished by an ogre (28 damage)
             ... on level 3 of the Dungeon.
             The game lasted 00:03:34 (3505 turns).

Ablot the Grasshopper (Gnoll Warper)                Turns: 3505, Time: 00:03:35

Health: -18/50     AC:  3    Str: 12    XL:     6   Next: 18%
Magic:  14/14      EV: 13    Int: 12    God:
Gold:   114        SH:  0    Dex: 12    Spells: 13/15 levels left

rFire   . . .      SeeInvis .   j - +0 dagger (venom)
rCold   . . .      Faith    .   (no shield)
rNeg    . . .      Spirit   .   b - +0 leather armour
rPois   .          Reflect  .   (no helmet)
rElec   .          Harm     .   (no cloak)
rCorr   .          Rampage  .   (no gloves)
Will    .....                   (no boots)
Stlth   ++........              (no amulet)
HPRegen 0.16/turn               (no ring)
MPRegen 0.14/turn               (no ring)

@: no status effects
A: fangs 1, strong nose, distributed training
a: no special abilities


You were on level 3 of the Dungeon.
You visited 1 branch of the dungeon, and saw 3 of its levels.

You collected 114 gold pieces.

Inventory:

Hand Weapons
 a - a +0 trident
 j - a +0 dagger of venom (weapon)
 p - a +4 hunting sling
Missiles
 d - 4 boomerangs of dispersal
 h - 19 arrows
 k - 18 sling bullets
 l - 15 bolts
 m - 48 stones
 t - 5 poisoned darts (quivered)
Armour
 b - a +0 leather armour (worn)
Scrolls
 c - a scroll of blinking
 e - a scroll of vulnerability {unknown}
 f - a scroll of noise {unknown}
 g - 2 scrolls of identify {unknown}
 q - a scroll of fog {unknown}
Potions
 i - a potion of cancellation {unknown}
 n - 2 potions of invisibility {unknown}
 o - a potion of lignification {unknown}
 r - 2 potions of heal wounds {unknown}
 s - a potion of flight {unknown}


   Skills:
 + Level 4.9 Fighting
 + Level 1.8 Short Blades
 + Level 1.8 Long Blades
 + Level 1.8 Axes
 + Level 1.8 Maces & Flails
 + Level 4.9 Polearms
 + Level 1.8 Staves
 + Level 1.8 Slings
 + Level 1.8 Bows
 + Level 1.8 Crossbows
 + Level 3.2 Throwing
 + Level 3.2 Armour
 + Level 4.9 Dodging
 + Level 1.8 Stealth
 + Level 1.8 Shields
 + Level 1.8 Unarmed Combat
 + Level 5.3 Spellcasting
 + Level 1.4 Conjurations
 + Level 1.4 Hexes
 + Level 1.4 Summonings
 + Level 1.4 Necromancy
 + Level 5.6 Translocations
 + Level 1.4 Transmutations
 + Level 1.4 Fire Magic
 + Level 1.4 Ice Magic
 + Level 1.4 Air Magic
 + Level 1.4 Earth Magic
 + Level 1.4 Poison Magic
 + Level 2.0 Invocations
 + Level 1.8 Evocations


You had 13 spell levels left.
You knew the following spells:

 Your Spells              Type           Power      Damage    Failure   Level
a - Blink                 Tloc           32%        N/A       3%          2

Your spell library contained the following spells:

 Spells                   Type           Power      Damage    Failure   Level
 Gell's Gravitas          Tloc           16%        N/A       8%          3
 Lesser Beckoning         Tloc           16%        N/A       8%          3
 Teleport Other           Tloc           16%        N/A       8%          3
 Manifold Assault         Tloc           16%        N/A       56%         5


Dungeon Overview and Level Annotations

Branches:
Dungeon (3/15)

Altars:

Shops:
D:1 =


Innate Abilities, Weirdness & Mutations

You have very sharp teeth.
Your uncanny sense of smell can sniff out nearby items.
Your experience applies equally to all skills.


Message History

An orc comes into view. It is wielding a +0 whip.
The orc drinks a potion.
The orc seems to grow stronger.
The orc barely misses you.
The orc wizard casts a spell.
The orc wizard flickers and vanishes!
You hit the orc.
The orc looks as sick as possible!
The orc is heavily wounded.
The orc barely misses you.
The orc priest mumbles some strange prayers to Beogh against you.
Beogh smites you!
You hit the orc.
The orc looks as sick as possible!
You punch the orc, but do no damage.
The orc is almost dead.
You kill the orc!
You hit the ogre but do no damage.
The ogre is poisoned.
You punch the ogre, but do no damage. The ogre closely misses you.
The orc priest calls down the wrath of Beogh upon you.
Beogh smites you!
You hit the ogre but do no damage.
The ogre looks as sick as possible!
The ogre is lightly wounded.
The ogre misses you.
You hit the ogre.
The ogre looks as sick as possible!
Your bite misses the ogre.
The ogre is moderately wounded.
Found 17 gold pieces.
Found 21 arrows.
An adder comes into view.
Found 13 gold pieces.
The adder hisses angrily.
You hit the adder.
The adder is poisoned.
The adder is lightly wounded.
The ogre hits you with a +0 giant spiked club!!
* * * LOW HITPOINT WARNING * * *
The adder bites you but does no damage.
You hit the adder.
The adder looks as sick as possible!
The adder is lightly wounded.
The adder misses you.
The ogre hits you with a +0 giant spiked club!!
Ouch! That really hurt!
You die...

#. #. . ...
...#.###. ...
#........ .... ....
..o# ..$.#.
#.##o####### #..#.
#)...o.)...#####
.......#)#####......
#S#####o# #######
#.@Oo...# ####{...#
∆ #.##.# ......#
#......# ...$(...#
###.....## #.....#


You could see an ogre (very poisoned), an orc priest, an adder (extremely
poisoned) and an orc (strong).

Vanquished Creatures
  A sky beast (D:3)
  A necrophage (D:2)
  A gnoll (D:1)
  An adder (D:3)
  A worm (D:2)
  5 orcs (D:3)
  4 bats
  6 endoplasms
  2 giant cockroaches
  8 goblins
  A hobgoblin (D:3)
  4 jackals (D:3)
  A quokka (D:2)
  2 ball pythons (D:1)
  2 frilled lizards (D:2)
  2 kobolds
  2 rats
44 creatures vanquished.

Notes
Turn   | Place    | Note
-------+----------+-------------------------------------------
     0 | D:1      | Ablot the Gnoll Warper began the quest for the Orb.
     0 | D:1      | Reached XP level 1. HP: 20/20 MP: 6/6
   313 | D:1      | Reached XP level 2. HP: 24/26 MP: 7/7
   316 | D:1      | Learned a level 2 spell: Blink
   787 | D:1      | Found Boneceod's Jewellery Emporium.
   842 | D:1      | Reached XP level 3. HP: 31/31 MP: 9/9
  1170 | D:1      | Reached skill level 5 in Spellcasting
  1731 | D:2      | Noticed a necrophage
  2161 | D:2      | Reached skill level 1 in Invocations
  2331 | D:2      | Killed a necrophage
  2332 | D:2      | Reached skill level 1 in Short Blades
  2332 | D:2      | Reached skill level 1 in Long Blades
  2332 | D:2      | Reached skill level 1 in Axes
  2332 | D:2      | Reached skill level 1 in Maces & Flails
  2332 | D:2      | Reached skill level 1 in Staves
  2332 | D:2      | Reached skill level 1 in Slings
  2332 | D:2      | Reached skill level 1 in Bows
  2332 | D:2      | Reached skill level 1 in Crossbows
  2332 | D:2      | Reached skill level 1 in Stealth
  2332 | D:2      | Reached skill level 1 in Shields
  2332 | D:2      | Reached skill level 1 in Unarmed Combat
  2332 | D:2      | Reached skill level 1 in Conjurations
  2332 | D:2      | Reached skill level 1 in Hexes
  2332 | D:2      | Reached skill level 1 in Summonings
  2332 | D:2      | Reached skill level 1 in Necromancy
  2332 | D:2      | Reached skill level 1 in Transmutations
  2332 | D:2      | Reached skill level 1 in Fire Magic
  2332 | D:2      | Reached skill level 1 in Ice Magic
  2332 | D:2      | Reached skill level 1 in Air Magic
  2332 | D:2      | Reached skill level 1 in Earth Magic
  2332 | D:2      | Reached skill level 1 in Poison Magic
  2332 | D:2      | Reached skill level 1 in Evocations
  2332 | D:2      | Reached XP level 4. HP: 33/38 MP: 7/11
  2332 | D:2      | Reached XP level 5. HP: 37/43 MP: 7/12
  3128 | D:3      | Noticed a sky beast
  3172 | D:3      | Killed a sky beast
  3173 | D:3      | Reached XP level 6. HP: 13/50 MP: 13/13
  3505 | D:3      | Demolished by an ogre

Illustrated notes

Levels and vault maps discovered:
D:1:      minmay_arrival_doors, layout_loops_corners, serial_shops,
          nicolae_shop_competitors_out_of_business
D:2:      layout_basic, dk_vineyard_2, kennysheep_cross_bottleneck,
          palyth_stone_intersect
D:3:      layout_loops_ring, dreamdust_ecumenical_altar_drowned_temple,
          minmay_distorted, uniq_jessica

Skill      XL: |  1  2  3  4  5 |
---------------+----------------+-----
Spellcasting   | 5 |  5.3
Invocations    | 1 2 |  2.0
Short Blades   | 1 |  1.8
Long Blades    | 1 |  1.8
Axes           | 1 |  1.8
Maces & Flails | 1 |  1.8
Staves         | 1 |  1.8
Slings         | 1 |  1.8
Bows           | 1 |  1.8
Crossbows      | 1 |  1.8
Stealth        | 1 |  1.8
Shields        | 1 |  1.8
Unarmed Combat | 1 |  1.8
Conjurations   | 1 |  1.4
Hexes          | 1 |  1.4
Summonings     | 1 |  1.4
Necromancy     | 1 |  1.4
Transmutations | 1 |  1.4
Fire Magic     | 1 |  1.4
Ice Magic      | 1 |  1.4
Air Magic      | 1 |  1.4
Earth Magic    | 1 |  1.4
Poison Magic   | 1 |  1.4
Evocations     | 1 |  1.8
Throwing       | 3 |  3.2
Armour         | 3 |  3.2
Fighting       | |  4.9
Polearms       | |  4.9
Dodging        | |  4.9
Translocations | |  5.6

Action                   |  1- 3 |  4- 6 || total
-------------------------+-------+-------++-------
Melee: Spear             |    62 |       ||    62
       Bite              |     6 |     3 ||     9
       Punch             |     2 |     4 ||     6
       Dagger            |    44 |    58 ||   102
 Fire: Hunting sling     |    11 |       ||    11
Throw: Boomerang         |     1 |       ||     1
 Cast: Blink             |     2 |       ||     2
 Stab: Sleeping          |     1 |     1 ||     2
Armor: Leather armour    |    24 |     7 ||    31
Dodge: Dodged            |    40 |    28 ||    68
